 Dungeon Crawl Stone Soup version 0.29.1-12-g30fa7ad0bf (webtiles) character file.

Game seed: 3471947003157507697

30 hawla the Firebug (level 3, -1/26 HPs)
             Began as a Meteoran Fire Elementalist on Jan 14, 2023.
             Blown up by Ijyb (9 damage)
             ... with a mindburst bolt
             ... on level 3 of the Dungeon.
             The game lasted 00:02:28 (317 turns).

hawla the Firebug (Meteoran Fire Elementalist)       Turns: 317, Time: 00:02:29

Health: -1/26      AC:  2    Str:  9    XL:     3   Next: 55%
Magic:  5/8        EV: 12    Int: 19    God:
Gold:   138        SH:  0    Dex: 14    Spells: 5/8 levels left

rFire   . . .      SeeInvis .   (no weapon)
rCold   . . .      Faith    .   (no shield)
rNeg    . . .      Spirit   .   a - +0 robe
rPois   .          Reflect  .   (no helmet)
rElec   .          Harm     .   (no cloak)
rCorr   .          Rampage  .   (no gloves)
Will    .....                   (no boots)
Stlth   +.........              (no amulet)
HPRegen 0.08/turn               (no ring)
MPRegen 0.11/turn               (no ring)

@: very slightly contaminated, glowing
A: sense surroundings 1, otherworldly, glowing, explore regen
a: no special abilities


You were on level 3 of the Dungeon.
You visited 1 branch of the dungeon, and saw 3 of its levels.

You collected 138 gold pieces.

Inventory:

Armour
 a - a +0 robe (worn)
Scrolls
 c - a scroll of noise {unknown}
 e - a scroll of amnesia {unknown}
 g - a scroll of teleportation {unknown}
Potions
 d - a potion of might {unknown}
 f - a potion of heal wounds {unknown}


   Skills:
 + Level 0.1 Fighting
 + Level 2.5 Dodging
 - Level 1.5 Stealth
 + Level 3.2 Spellcasting
 + Level 1.2 Conjurations
 + Level 4.6 Fire Magic


You had 5 spell levels left.
You knew the following spells:

 Your Spells              Type           Power      Damage    Failure   Level
a - Foxfire               Conj/Fire      56%        2x1d6     4%          1
b - Scorch                Fire           40%        2d7       3%          2

Your spell library contained the following spells:

 Spells                   Type           Power      Damage    Failure   Level
 Conjure Flame            Conj/Fire      14%        6-21      13%         3
 Inner Flame              Hex/Fire       11%        N/A       17%         3
 Flame Wave               Conj/Fire      14%        2d6       41%         4


Dungeon Overview and Level Annotations

Branches:
Dungeon (3/15) Zot: 1482

Altars:
Gozag
Hepliaklqana
Kikubaaqudgha
Trog

Annotations:
D:3 Ijyb


Innate Abilities, Weirdness & Mutations

You passively map a small area around you.
You are easily found by Zot.
You glow in the dark.
You regain HP and MP as you explore.


Message History

Ijyb shouts!
Casting: Scorch (safe; 3% risk of failure)
Confirm with . or Enter, or press ? or * to list all spells.
You miscast Scorch.
You are very lightly contaminated with residual magic.
Nothing appears to happen.
Casting: Scorch (safe; 3% risk of failure)
Confirm with . or Enter, or press ? or * to list all spells.
Flames lash the orc.
You kill the orc!
Ijyb screams, "You nasty!
Big nasty!"
Ijyb hits you with a +0 club.
Casting: Scorch (safe; 3% risk of failure)
Confirm with . or Enter, or press ? or * to list all spells.
Flames lash Ijyb.
Ijyb is lightly wounded.
Ijyb's fire resistance burns away.
Ijyb completely misses you.
Casting: Scorch (safe; 3% risk of failure)
Confirm with . or Enter, or press ? or * to list all spells.
Flames lash Ijyb.
Ijyb is burned terribly!
Ijyb is moderately wounded.
Ijyb hits you with a +0 club.
Casting: Scorch (safe; 3% risk of failure)
Confirm with . or Enter, or press ? or * to list all spells.
You don't have enough magic to cast this spell.
Magic courses through your body. Ijyb hits you with a +0 club.
Casting: Scorch (safe; 3% risk of failure)
Confirm with . or Enter, or press ? or * to list all spells.
You conjure some foxfire!
Ijyb hits you with a +0 club.
Casting: Foxfire (safe; 4% risk of failure)
Confirm with . or Enter, or press ? or * to list all spells.
Flames lash Ijyb but do no damage.
The foxfire hits Ijyb.
Ijyb is moderately wounded.
The foxfire hits Ijyb.
Ijyb is burned terribly!
Ijyb is heavily wounded.
Ijyb zaps a wand.
Your mind is blasted!
Casting: Scorch (safe; 3% risk of failure)
Confirm with . or Enter, or press ? or * to list all spells.
You conjure some foxfire!
Ijyb zaps a wand.
Your mind is blasted!
You die...

* #####....#
#.....$...#
######...._..#.#
*
#....$..._8_....
,
#.......(._...#
~
#..............
~ #.....v.ยง..#
, ~ #.....g@v..#
~
#......###....#
###.... #### *
#.... * #.... *,
* #.... * #....
* #....** * ,, *


You could see Ijyb (combustible, ally target).

Vanquished Creatures
  A worm (D:2)
  A dart slug (D:2)
  An orc (D:3)
  2 endoplasms (D:1)
  2 giant cockroaches (D:2)
  5 goblins (D:1)
  A hobgoblin (D:1)
  5 kobolds
  A quokka (D:2)
  2 bats
  A rat (D:1)
22 creatures vanquished.

Vanquished Creatures (others)
  53 foxfires
53 creatures vanquished.

Grand Total: 75 creatures vanquished

Notes
Turn   | Place    | Note
-------+----------+-------------------------------------------
     0 | D:1      | hawla the Meteoran Fire Elementalist began the quest for
                  | the Orb.
     0 | D:1      | Reached XP level 1. HP: 14/14 MP: 5/5
    47 | D:1      | Reached skill level 4 in Fire Magic
    47 | D:1      | Reached XP level 2. HP: 20/20 MP: 0/6
   134 | D:1      | Learned a level 2 spell: Scorch
   252 | D:2      | Reached XP level 3. HP: 26/26 MP: 2/8
   308 | D:3      | Noticed Ijyb
   308 | D:3      | Found an ancient bone altar of Kikubaaqudgha.
   308 | D:3      | Found an opulent altar of Gozag.
   308 | D:3      | Found a bloodstained altar of Trog.
   308 | D:3      | Found a hazy altar of Hepliaklqana.
   317 | D:3      | Blown up by Ijyb

Illustrated notes

Levels and vault maps discovered:
D:1:      dpeg_arrival_arbitrary_b, layout_basic
D:2:      layout_rooms, basic_ecumenical_altar, kennysheep_generic_room_14,
          uniq_crazy_yiuf_cottage
D:3:      layout_basic, nemelex_dance_club_becter, tso_oasis_becter,
          fedhas_altar_4, chequers_temple_overflow_statue_of_worship,
          bloody_makhleb, nzn_wu_jian_contemplation, uniq_ijyb

Skill      XL: |  1  2 |
---------------+-------+-----
Fire Magic     | 4 |  4.6
Spellcasting   | 3 |  3.2
Fighting       | |  0.1
Dodging        | |  2.5
Stealth        | |  1.5
Conjurations   | |  1.2

Action                   || total
-------------------------++-------
Melee: Unarmed           ||     5
 Cast: Foxfire           ||    33
       Scorch            ||     8
  Use: Potion            ||     1
Armor: Robe              ||     4
Dodge: Dodged            ||     5
